 Dungeon Crawl Stone Soup version 0.28-a0-533-g9f97627e2a (webtiles) character file.

Game seed: 8989078692930425332

2496 heikuro the Cleaver (level 9, -2/79 HPs)
             Began as a Minotaur Fighter on Sept 25, 2021.
             Was a Priest of Nemelex Xobeh.
             Killed by divine providence
             ... invoked by an orc priest
              (14 damage)
             ... on level 7 of the Dungeon.
             The game lasted 00:10:04 (6697 turns).

heikuro the Cleaver (Minotaur Fighter)              Turns: 6697, Time: 00:10:05

Health: -2/79      AC:  7    Str: 23    XL:     9   Next: 28%
Magic:  11/11      EV: 10    Int:  3    God:    Nemelex Xobeh [***...]
Gold:   291        SH:  4    Dex: 11    Spells: 8/8 levels left

rFire   + . .      SeeInvis +   x - +8 hand axe of Classification {chaos, rF+ rC+ Int-2}
rCold   + . .      Faith    .   c - +0 buckler
rNeg    . . .      Spirit   .   b - +0 scale mail
rPois   +          Reflect  .   (helmet restricted)
rElec   .          Harm     .   q - scarf {+Inv}
rCorr   .          Rampage  .   (no gloves)
Will    .....                   (no boots)
Stlth   ..........              (no amulet)
HPRegen 0.23/turn               E - ring of poison resistance
MPRegen 0.12/turn               h - ring of see invisible

@: no status effects
A: horns 2, retaliatory headbutt
a: Renounce Religion, Evoke Invisibility, Draw Escape, Draw Destruction, Draw
Summoning, Triple Draw


You were on level 7 of the Dungeon.
You worshipped Nemelex Xobeh.
Nemelex Xobeh was most pleased with you.
You visited 1 branch of the dungeon, and saw 7 of its levels.

You collected 291 gold pieces.

Inventory:

Hand Weapons
 a - a +0 war axe of freezing
 x - the +8 hand axe of Classification (weapon) {chaos, rF+ rC+ Int-2}
   (You found it on level 4 of the Dungeon)

   Each time it hits an enemy it has a different, random effect.
   Int:       It affects your intelligence (-2).
   rF:        It protects you from fire.
   rC:        It protects you from cold.
 F - a -3 vorpal executioner's axe
Missiles
 p - 23 poisoned darts (quivered)
Armour
 b - a +0 scale mail (worn)
 c - a +0 buckler (worn)
 q - a scarf of invisibility (worn)
 B - a +1 cloak
Jewellery
 e - a ring of positive energy
 h - a ring of see invisible (right hand)
 E - a ring of poison resistance (left hand)
Wands
 o - a wand of mindburst (22)
Scrolls
 l - 3 scrolls of identify {unknown}
 m - a scroll of immolation {unknown}
 n - 3 scrolls of torment {unknown}
 r - 2 scrolls of magic mapping {unknown}
 s - a scroll of holy word {unknown}
 u - 4 scrolls of fog {unknown}
 v - 2 scrolls of teleportation {unknown}
 y - a scroll of vulnerability {unknown}
 C - a scroll of enchant weapon {unknown}
 D - a scroll of fear {unknown}
Potions
 d - a potion of might
 f - 4 potions of curing {unknown}
 g - a potion of degeneration {unknown}
 i - a potion of heal wounds {unknown}
 j - 2 potions of mutation {unknown}
 k - a potion of cancellation {unknown}
 t - a potion of invisibility {unknown}
 w - a potion of attraction {unknown}
 z - a potion of berserk rage {unknown}
 A - a potion of resistance {unknown}


   Skills:
 + Level 7.0 Fighting
 * Level 9.2 Axes
 + Level 7.3 Armour
 - Level 4.0 Shields
 + Level 4.9 Invocations
 + Level 4.0 Evocations


You had 8 spell levels left.
You didn't know any spells.
Your spell library contained the following spells:

 Spells                   Type           Power      Damage    Failure   Level
 Sublimation of Blood     Necr           0%         N/A       91%         2
 Wereblood                Tmut           0%         N/A       91%         2
 Gell's Gravitas          Tloc           0%         N/A       99%         3
 Teleport Other           Tloc           0%         N/A       99%         3
 Dispersal                Tloc           0%         N/A       100%        6
 Summon Hydra             Summ           0%         N/A       100%        7


Dungeon Overview and Level Annotations

Branches:
Dungeon (7/15)
 Temple: D:4-7

Altars:
Fedhas
Gozag
Makhleb
Nemelex Xobeh
Qazlal
Wu Jian
Xom
Yredelemnul

Shops:
D:2 [([


Innate Abilities, Weirdness & Mutations

You have a pair of horns on your head.
You reflexively headbutt those who attack you in melee.


Message History

The orc priest calls down the wrath of Beogh upon you.
Pain shoots through your body!
You draw a card...
You have drawn Velocity.
Duvessa seems to slow down.
Dowan seems to slow down.
You kill Duvessa!
Dowan's eyes darken. "You have made a black mistake."
Dowan seems to find hidden reserves of power!
The orc priest misses you. You furiously retaliate!
You headbutt the orc priest!
You kill the orc priest!
Your Fighting skill increases to level 7!
Unknown command.
Unknown command.
Dowan hits you but does no damage.
You hit Dowan.
Dowan is poisoned.
Dowan is moderately wounded.
Dowan mumbles some strange words.
Dowan blinks!
An orc priest comes into view. It is wielding a +0 war axe.
The orc priest shouts!
Dowan points at you and mumbles some strange words.
The shard of ice hits you! You partially resist.
Dowan hits you but does no damage.
The orc priest begins to cast a cantrip, but forgets the words!
You slash Dowan! You headbutt Dowan!
You kill Dowan!
The orc priest looks braver for a moment.
Your Evocations skill increases to level 4!
Unknown command.
You barely miss the orc priest.
The orc priest invokes the aid of Beogh against you.
Beogh smites you!
* * * LOW HITPOINT WARNING * * *
You hit the orc priest. Your headbutt misses the orc priest.
The orc priest is moderately wounded.
The orc priest blinks!
The orc priest invokes the aid of Beogh against you.
Beogh smites you!
You die...
Your body glows slightly and disappears.

#.. # #.#
.###.### #
......###.#
#.##........
#..o..>.#
#.##...)#######
# #...ยง.......
#...@......#
##..........
###.#####.# #)#
# ..# ####


You could see an orc priest.

Vanquished Creatures
  Pikel (D:5)
  Duvessa (D:7)
  2 water moccasins (D:6)
  2 ice beasts
  A necrophage (D:5)
  2 centaurs
  A lemure (D:5)
  A phantom (D:5)
  A kobold brigand (D:6)
  5 scorpions
  Dowan (D:7)
  An orc priest (D:7)
  A bullfrog skeleton (D:6)
  5 hounds
  3 jellies
  Jessica (D:2)
  A centaur skeleton (D:6)
  3 iguanas
  3 orc wizards
  12 gnolls
  7 adders
  A white imp (D:5)
  An ufetubus (D:6)
  2 worms
  2 dart slugs
  12 orcs
  16 endoplasms
  2 giant cockroaches
  4 goblins
  5 hobgoblins
  16 kobolds
  7 quokkas
  9 ball pythons
  10 bats
  5 rats
147 creatures vanquished.

Vanquished Creatures (others)
  5 fungi
  8 toadstools (D:3)
13 creatures vanquished.

Grand Total: 160 creatures vanquished

Notes
Turn   | Place    | Note
-------+----------+-------------------------------------------
     0 | D:1      | heikuro the Minotaur Fighter began the quest for the Orb.
     0 | D:1      | Reached XP level 1. HP: 19/19 MP: 0/0
   212 | D:1      | Reached XP level 2. HP: 27/27 MP: 1/1
   304 | D:1      | Reached skill level 3 in Axes
   696 | D:2      | Found a sparkling altar of Nemelex Xobeh.
   705 | D:2      | Found Ninir's Antique Weapon Shoppe.
   709 | D:2      | Became a worshipper of Nemelex Xobeh the Trickster
   729 | D:2      | Found Eguqel's Antique Armour Emporium.
   776 | D:2      | Reached XP level 3. HP: 25/33 MP: 2/2
  1206 | D:2      | Reached XP level 4. HP: 19/40 MP: 3/3
  1434 | D:2      | Found a faded altar of an unknown god.
  1501 | D:2      | Found Erukyo's Armour Emporium.
  1702 | D:2      | Reached skill level 1 in Invocations
  1758 | D:2      | Reached skill level 4 in Axes
  1761 | D:2      | Noticed Jessica
  1767 | D:2      | Killed Jessica
  2161 | D:3      | Reached XP level 5. HP: 47/47 MP: 5/5
  2245 | D:3      | Reached * piety under Nemelex Xobeh
  2557 | D:3      | You fall into a shaft and drop 3 floors!
  2557 | D:6      | Noticed a centaur
  2566 | D:6      | Killed a centaur
  2567 | D:6      | Reached skill level 5 in Axes
  2567 | D:6      | Reached skill level 1 in Evocations
  2567 | D:6      | Reached XP level 6. HP: 47/53 MP: 6/6
  2637 | D:6      | Received a gift from Nemelex Xobeh
  2797 | D:6      | Noticed an ice beast
  2808 | D:6      | Killed an ice beast
  2809 | D:6      | Reached skill level 5 in Fighting
  2809 | D:6      | Reached skill level 5 in Armour
  3028 | D:6      | Noticed a water moccasin
  3034 | D:6      | Killed a water moccasin
  3035 | D:6      | Reached XP level 7. HP: 56/61 MP: 7/7
  3084 | D:6      | Reached skill level 6 in Axes
  3216 | D:5      | Entered Level 5 of the Dungeon
  3572 | D:5      | Reached ** piety under Nemelex Xobeh
  3785 | D:4      | Received a gift from Nemelex Xobeh
  3877 | D:4      | Identified the +8 hand axe of Classification {chaos, rF+
                  | rC+ Int-2}
  4375 | D:3      | Reached skill level 7 in Axes
  4544 | D:4      | Reached XP level 8. HP: 59/70 MP: 9/9
  5027 | D:4      | Identified the +2 robe of the Salmon {rElec Str+4 Archmagi}
  5044 | D:5      | Noticed Pikel
  5051 | D:5      | Killed Pikel
  5052 | D:5      | Reached skill level 8 in Axes
  5456 | D:5      | Found an ornate altar of the Wu Jian Council.
  5792 | D:5      | Found a stormy altar of Qazlal.
  5797 | D:5      | Found a blossoming altar of Fedhas.
  5804 | D:5      | Found a basalt altar of Yredelemnul.
  5809 | D:5      | Found a sparkling altar of Nemelex Xobeh.
  5815 | D:5      | Reached XP level 9. HP: 75/78 MP: 11/11
  5830 | D:5      | Found an opulent altar of Gozag.
  5838 | D:5      | Found a burning altar of Makhleb.
  5853 | D:5      | Found a shimmering altar of Xom.
  6293 | D:6      | Received a gift from Nemelex Xobeh
  6353 | D:6      | Reached skill level 9 in Axes
  6495 | D:6      | Reached *** piety under Nemelex Xobeh
  6672 | D:7      | Noticed Dowan
  6673 | D:7      | Noticed Duvessa
  6687 | D:7      | Killed Duvessa
  6693 | D:7      | Killed Dowan
  6697 | D:7      | Killed from afar by an orc priest

Illustrated notes

Levels and vault maps discovered:
D:1:      tarquinn_simple_flora_water_a, layout_rooms, serial_bayou_pond_c,
          chequers_serial_rivers_large_a
D:2:      layout_loops_ring, dreamdust_ecumenical_altar_hidden_monk_grotto,
          basic_altar, serial_shops, shop_statue, shop,
          nicolae_shop_statue_plus, minmay_bisected, uniq_jessica
D:3:      cheibrodos_fertilizer, layout_basic
D:4:      layout_basic
D:5:      old_forge, layout_loops_ring, grunt_temple_overflow_octagram,
          mainiacjoe_overflow_surrounded_room, uniq_pikel
D:6:      layout_gridville, nicolae_lava_and_water
D:7:      layout_loops_ring, kennysheep_mini_moat,
          minmay_temple_entry_gardened_gates, uniq_duvessa

Skill      XL: |  1  2  3  4  5  6  7  8  9 |
---------------+----------------------------+-----
Axes           | 3 4 5 7 8 9 |  9.2
Fighting       | 4 5 6 7 |  7.0
Armour         | 4 5 6 7 |  7.3
Shields        | 4 |  4.0
Invocations    | 1 2 3 4 |  4.9
Evocations     | 1 2 3 4 |  4.0

Action                   |  1- 3 |  4- 6 |  7- 9 || total
-------------------------+-------+-------+-------++-------
Melee: War axe           |    54 |    73 |    72 ||   199
       Headbutt          |    10 |     9 |    31 ||    50
       Hand axe          |       |       |   134 ||   134
Throw: Dart              |       |     2 |       ||     2
Invok: Draw Destruction  |       |     1 |       ||     1
       Draw Escape       |       |       |     1 ||     1
  Use: Potion            |       |     1 |       ||     1
Armor: Scale mail        |    24 |    42 |    73 ||   139
Dodge: Dodged            |    22 |    48 |    85 ||   155
Block: Buckler           |    13 |    15 |    39 ||    67

Table legend: (Time is in decaauts)
 A = Elapsed time spent in this place.
 B = Non-inter-level travel time spent in this place.
 C = Inter-level travel time spent in this place.
 D = Time resting spent in this place.
 E = Time spent auto-exploring this place.
 F = Levels seen in this place.
 G = Mean time per level.
                   A        B        C        D        E       F      G
               +--------+--------+--------+--------+--------+-----+--------+
         Total |   6759 |   6452 |    307 |    827 |   4221 |   7 |  965.6 |
       Dungeon |   6759 |   6452 |    307 |    827 |   4221 |   7 |  965.6 |
               +--------+--------+--------+--------+--------+-----+--------+

Top non-repeatable levels by time:
     D:5: 1733 daAuts
     D:2: 1199 daAuts
     D:6: 1130 daAuts
     D:1: 909 daAuts
     D:4: 907 daAuts
     D:3: 856 daAuts
     D:7: 23 daAuts
